 Dungeon Crawl Stone Soup version 0.23.2-1-ga50397a6bc (webtiles) character file.

Game seed: 18138021924408801296

121 Cartoonfrog the Ruffian (level 4, 0/37 HPs)
             Began as a Draconian Transmuter on May 26, 2019.
             Slain by a goblin
             ... wielding a +0 dagger
             ... led by Robin
              (6 damage)
             ... on level 2 of the Dungeon.
             The game lasted 00:09:52 (1503 turns).

Cartoonfrog the Ruffian (Draconian Transmuter)      Turns: 1503, Time: 00:09:53

Health: 0/37       AC:  5    Str: 13    XL:     4   Next: 76%
Magic:  5/7        EV: 12    Int: 14    God:
Gold:   55         SH:  0    Dex: 11    Spells: 4/7 levels left

rFire    . . .     SeeInvis .     - Unarmed
rCold    . . .     Gourm    .   (no shield)
rNeg     . . .     Faith    .   (armour unavailable)
rPois    .         Spirit   .   (helmet restricted)
rElec    .         Reflect  .   (no cloak)
rCorr    .         Harm     .   (no gloves)
MR       .....                  (no boots)
Stlth    +.........             (no amulet)
HPRegen  0.12/turn              (no ring)
MPRegen  0.10/turn              (no ring)

@: lethally poisoned (0 -> -2), appendage (expiring)
A: unfitting armour, horns 2, cold-blooded, AC +5
a: End Transformation


You were on level 2 of the Dungeon.
You were not hungry.
You had grown temporary horns.
You visited 1 branch of the dungeon, and saw 2 of its levels.

You collected 55 gold pieces.

Inventory:

Missiles
 a - 23 arrows
Scrolls
 b - 2 scrolls of enchant weapon {unknown}
 g - a scroll of random uselessness {unknown}
 h - a scroll of blinking {unknown}
 j - a scroll of amnesia {unknown}
 k - a scroll of remove curse {unknown}
 m - a scroll of noise {unknown}
Potions
 d - a potion of brilliance {unknown}
 e - 2 potions of resistance {unknown}
 i - a potion of curing {unknown}
 l - a potion of degeneration {unknown}
Comestibles
 c - 2 rations
 f - 2 chunks of flesh


   Skills:
 + Level 2.3 Fighting
 + Level 2.4 Dodging
 + Level 3.7 Unarmed Combat
 - Level 2.0 Spellcasting
 * Level 3.4 Transmutations


You had 4 spell levels left.
You knew the following spells:

 Your Spells              Type           Power        Failure   Level  Hunger
a - Beastly Appendage     Tmut           ##....       5%          1    ##.....
b - Sticks to Snakes      Tmut           ##......     9%          2    ###....

Your spell library contained the following spells:

 Spells                   Type           Power        Failure   Level  Hunger
 Spider Form              Tmut/Pois      #.........   34%         3    ####...
 Ice Form                 Ice/Tmut       #.......     75%         4    #####..
 Blade Hands              Tmut           ##........   83%         5    ######.


Dungeon Overview and Level Annotations

Branches:
Dungeon (2/15)

Altars:

Annotations:
D:2 Robin


Innate Abilities, Weirdness & Mutations

Your plain brown scales are hard. (AC +5)
You cannot fit into any form of body armour.
You are cold-blooded and may be slowed by cold attacks.
You have a pair of horns on your head.


Message History

A goblin comes into view. It is wielding a +0 club.
Your ball python barely misses the goblin.
Your ball python constricts the goblin.
The goblin hits you but does no damage. Robin throws the goblin at you!
Your ball python barely misses the goblin.
Your ball python constricts the goblin.
The goblin hits you but does no damage.
Things that are here:
a +0 club; a goblin corpse You closely miss the goblin.
The goblin hits you. Robin throws the goblin at you!
* * * LOW HITPOINT WARNING * * *
Your ball python barely misses the goblin.
Your ball python constricts the goblin.
The goblin dies!
The hobgoblin shouts!
The goblin wields a +0 hunting sling.
The goblin shoots a stone.
The stone hits you.
* * * LOW HITPOINT WARNING * * *
The goblin hits you with a +0 dagger.
You die...

###### #....#
#....# #....####
#........ #
#.[...###
..g.####gg.....#
#....@)####
######.†..#
#.gS..##
#######.#######
#.....gg.......
..#####.#######
##.....##
##...g...## g..
##..<......#


You could see a hobgoblin, 2 goblins and a friendly ball python.

Vanquished Creatures
  A bullfrog (D:2)
  An adder (D:2)
  A dart slug (D:1)
  2 leopard geckos (D:1)
  A ball python (D:1)
  2 giant cockroaches
  5 goblins
  7 hobgoblins
  4 jackals (D:2)
  5 bats
  A frilled lizard (D:1)
  7 kobolds
  7 rats
44 creatures vanquished.

Vanquished Creatures (collateral kills)
  4 goblins (D:2)
4 creatures vanquished.

Grand Total: 48 creatures vanquished

Notes
Turn   | Place    | Note
-------+----------+-------------------------------------------
     0 | D:1      | Cartoonfrog the Draconian Transmuter began the quest for
                  | the Orb.
     0 | D:1      | Reached XP level 1. HP: 16/16 MP: 3/3
   360 | D:1      | Reached XP level 2. HP: 23/23 MP: 3/5
   782 | D:1      | Reached XP level 3. HP: 28/28 MP: 4/6
  1172 | D:2      | Noticed a bullfrog
  1186 | D:2      | Killed a bullfrog
  1186 | D:2      | Reached XP level 4. HP: 17/36 MP: 7/7
  1241 | D:2      | Learned a level 2 spell: Sticks to Snakes
  1469 | D:2      | Noticed Robin
  1503 | D:2      | Slain by a goblin

Skill      XL: |  1  2  3 |
---------------+----------+-----
Dodging        | 2 |  2.4
Fighting       | 2 |  2.3
Transmutations | 3 |  3.4
Unarmed Combat | |  3.7
Spellcasting   | |  2.0

Action                   |  1- 3 |  4- 6 || total
-------------------------+-------+-------++-------
Melee: Unarmed           |    84 |    43 ||   127
       Tailslap          |     8 |     4 ||    12
       Kick              |     8 |     4 ||    12
       Headbutt          |     2 |     2 ||     4
 Cast: Beastly Appendage |    18 |     2 ||    20
       Sticks to Snakes  |       |     3 ||     3
  Eat: Chunk             |     1 |     2 ||     3
Armor: Skin              |    37 |    25 ||    62
Dodge: Dodged            |    62 |    32 ||    94
